 Dungeon Crawl Stone Soup version 0.29.1-13-g9f3cf754e1 (webtiles) character file.

Game seed: 10036293075470561375

293 shadowmeld the Insei (level 6, -5/43 HPs)
             Began as a Djinni Transmuter on Jan 30, 2023.
             Shot with an arrow by a centaur (12 damage)
             ... on level 4 of the Dungeon.
             The game lasted 00:26:17 (4630 turns).

shadowmeld the Insei (Djinni Transmuter)            Turns: 4630, Time: 00:26:17

Health: -5/43      AC:  5    Str:  9    XL:     6   Next: 60%
Gold:   212        EV: 13    Int: 16    God:
                   SH:  0    Dex: 14

rFire   + + .      SeeInvis .     - Unarmed
rCold   x . .      Faith    .   (no shield)
rNeg    . . .      Spirit   .   a - +0 robe
rPois   ∞          Reflect  .   h - +2 helmet
rElec   .          Harm     .   (no cloak)
rCorr   .          Rampage  .   (no gloves)
Will    .....                   (boots unavailable)
Stlth   +.........              (no amulet)
HPRegen 0.14/turn               (no ring)
MPRegen 0.00/turn               (no ring)

@: about to teleport, flying
A: sickness immunity, fire resistance 2, cold vulnerability 1, float, innate
caster, HP casting, extra vitality 1
a: no special abilities


You were on level 4 of the Dungeon.
You visited 1 branch of the dungeon, and saw 4 of its levels.

You collected 212 gold pieces.

Inventory:

Hand Weapons
 t - a +3 short sword
Missiles
 g - 2 datura-tipped darts
 s - 2 throwing nets
 u - 4 poisoned darts
Armour
 a - a +0 robe (worn)
 h - a +2 helmet (worn)
 r - a +0 hat
Wands
 b - a wand of flame (19) (quivered)
Scrolls
 d - a scroll of noise
 e - a scroll of amnesia
 f - a scroll of magic mapping
 j - 2 scrolls of butterflies
 l - a scroll of vulnerability {unknown}
 m - a scroll of torment {unknown}
Potions
 c - a potion of haste {unknown}
 k - 2 potions of might
 n - a potion of flight {unknown}
 o - a potion of magic {unknown}
 p - 2 potions of curing
 q - a potion of invisibility {unknown}


   Skills:
 * Level 2.2 Fighting
 * Level 3.1 Dodging
 * Level 4.6 Unarmed Combat
 * Level 3.4 Spellcasting


You couldn't memorise any spells.
You knew the following spells:

 Your Spells              Type           Power      Damage    Failure   Level
a - Beastly Appendage     Tmut           26%        N/A       4%          1
b - Wereblood             Tmut           13%        N/A       7%          2
c - Spider Form           Tmut/Pois      13%        N/A       13%         3
d - Ice Form              Ice/Tmut       13%        N/A       41%         4
e - Sting                 Tmut/Pois      52%        1d5       4%          1
f - Poisonous Vapours     Pois/Air       26%        N/A       7%          2
Your spell library was empty.

Dungeon Overview and Level Annotations

Branches:
Dungeon (4/15)             Temple (0/1) D:4

Altars:
Ru


Innate Abilities, Weirdness & Mutations

You are immune to sickness and miasma.
You are immune to poison.
Your flesh is very heat resistant. (rF++)
You are vulnerable to cold. (rC-)
You float through the air rather than walking.
You learn spells naturally, not from books.
Your magical power is your life essence.
You have superior vitality. (+4 MHP)


Message History

The kobold shouts!
Casting: Sting (safe; 4% risk of failure)
Confirm with . or Enter, or press ? or * to list all spells.
Aiming: Sting (safe; 4% risk of failure)
Press: ? - help, Shift-Dir - straight line, f - kobold
Aim: a kobold, wielding a +0 club (64% to hit)
The sting misses the kobold.
Casting: Sting (safe; 4% risk of failure)
Confirm with . or Enter, or press ? or * to list all spells.
You grow a pair of large bovine horns.
Your +2 helmet melds into your body.
The kobold closely misses you.
You closely miss the kobold. The kobold hits you with a +0 club.
You closely miss the kobold. Your punch misses the kobold.
The kobold barely misses you.
You hit the kobold but do no damage.
You headbutt the kobold, but do no damage.
The kobold misses you.
You hit the kobold.
You kill the kobold!
Things that are here:
a +0 club; a kobold corpse Your transformation is almost over.
Found a dagger.
Your horns disappear.
Your +2 helmet unmelds from your body.
The centaur wields a +1 vorpal shortbow.
The centaur shoots an arrow.
The arrow completely misses you.
Casting: Beastly Appendage (safe; 4% risk of failure)
Confirm with . or Enter, or press ? or * to list all spells.
Aiming: Poisonous Vapours (safe; 7% risk of failure)
Press: ? - help, Dir - move target, f - centaur
Aim: a centaur, wielding a +1 vorpal shortbow Poisonous vapours surround the centaur!
The centaur is poisoned.
The centaur shoots an arrow.
The arrow hits you!
The centaur shoots an arrow.
The arrow hits you!
The centaur shoots an arrow.
The arrow hits you!
* * * LOW HITPOINT WARNING * * *
x2
As you read the scroll of teleportation, it crumbles to dust.
You feel strangely unstable.
The centaur shoots an arrow.
The arrow hits you!
You die...

###... #.. ..... ###..
#...#. .#.. ###+#+ c..
.. .# ### # ##.# .. ..
#_ #@# .##.. #. ##.#
##.#).###+#+ #..##
#.##..#...#.
#....#..####.##.. ....
##.#####.##..##.####...
# ##....##..#.....
#.###....#..... #.#
###.....##. ###
##.###..#


You could see a centaur (poisoned).

Vanquished Creatures
  A black bear (D:4)
  A hound skeleton (D:4)
  3 gnolls (D:4)
  6 adders
  3 worms
  5 dart slugs
  2 orcs
  10 ball pythons
  9 endoplasms
  2 giant cockroaches (D:1)
  5 goblins
  5 hobgoblins
  5 jackals
  A quokka (D:2)
  5 bats
  5 frilled lizards
  12 kobolds
  8 rats
88 creatures vanquished.

Vanquished Creatures (others)
  3 withered plants (D:4)
3 creatures vanquished.

Grand Total: 91 creatures vanquished

Notes
Turn   | Place    | Note
-------+----------+-------------------------------------------
     0 | D:1      | shadowmeld the Djinni Transmuter began the quest for the
                  | Orb.
     0 | D:1      | shadowmeld set off with the following spells memorised:
                  | Beastly Appendage, Wereblood, Spider Form, Ice Form.
     0 | D:1      | Reached XP level 1. HP: 17/17 MP: 0/0
   350 | D:1      | HP: 1/25 [ball python (1)]
   697 | D:1      | Found a faded altar of an unknown god.
   718 | D:1      | Reached XP level 2. HP: 21/22 MP: 0/0
  1284 | D:1      | Reached XP level 3. HP: 23/27 MP: 0/0
  1284 | D:1      | Learned a level 1 spell: Sting
  2328 | D:2      | Reached XP level 4. HP: 25/32 MP: 0/0
  2339 | D:2      | Reached skill level 4 in Unarmed Combat
  2902 | D:2      | Reached XP level 5. HP: 36/38 MP: 0/0
  2902 | D:2      | Learned a level 2 spell: Poisonous Vapours
  4002 | D:4      | Noticed a centaur
  4039 | D:4      | Noticed an ogre
  4120 | D:4      | Found a staircase to the Ecumenical Temple.
  4181 | D:4      | Noticed a black bear
  4193 | D:4      | Killed a black bear
  4194 | D:4      | Reached XP level 6. HP: 8/43 MP: 0/0
  4595 | D:4      | Found a sacrificial altar of Ru.
  4630 | D:4      | Shot with an arrow by a centaur

Illustrated notes

Levels and vault maps discovered:
D:1:      onia_arrival_pentagram, layout_basic,
          hellmonk_ecumenical_altar_lost_god, minmay_3d_cube
D:2:      layout_loops_cross
D:3:      layout_loops_ring
D:4:      layout_layer_cave, hangedman_ru_absence, evilmike_ruin_ashenzari,
          minmay_temple_entry_offerings, serial_undead, serial_undead_a,
          serial_undead_f, serial_undead_d, serial_undead_f, serial_undead_a,
          serial_undead_b, serial_undead_c, serial_undead_a, minmay_crossroads

Skill      XL: |  1  2  3  4  5 |
---------------+----------------+-----
Spellcasting   | 2 3 |  3.4
Unarmed Combat | 4 |  4.6
Fighting       | 2 |  2.2
Dodging        | 3 |  3.1

Action                   |  1- 3 |  4- 6 || total
-------------------------+-------+-------++-------
Melee: Unarmed           |   101 |    69 ||   170
       Headbutt          |    14 |    10 ||    24
       Punch             |     1 |     2 ||     3
 Cast: Beastly Appendage |    24 |    21 ||    45
       Sting             |    19 |    63 ||    82
       Poisonous Vapours |       |     5 ||     5
Evoke: Wand              |       |     1 ||     1
  Use: Potion            |     1 |     1 ||     2
       Scroll            |     1 |     7 ||     8
 Stab: Sleeping          |     1 |       ||     1
Armor: Robe              |    20 |    10 ||    30
       Skin              |     1 |     3 ||     4
Dodge: Dodged            |    45 |    69 ||   114
